 Dungeon Crawl Stone Soup version 0.25.1-2-g60ff931df9 (webtiles) character file.

Game seed: 511052463086695574

70 Curus the Twirler (level 4, 0/33 HPs)
             Began as a Demonspawn Gladiator on Oct 31, 2020.
             Slain by Purgy (2 damage)
             ... in a sewer.
             The game lasted 00:10:31 (2533 turns).

Curus the Twirler (Demonspawn Gladiator)            Turns: 2533, Time: 00:10:31

Health: 0/33       AC:  6    Str: 13 (14) XL:     4   Next: 4%
Magic:  0/4        EV: 12    Int:  8 (10) God:
Gold:   137        SH:  0    Dex: 14 (15) Spells: 3/3 levels left

rFire    . . .     SeeInvis .     - Unarmed
rCold    . . .     Gourm    .   (no shield)
rNeg     . . .     Faith    .   b - +0 leather armour
rPois    .         Spirit   +   c - +0 helmet
rElec    .         Reflect  .   j - +0 cloak
rCorr    .         Harm     .   (no gloves)
MR       .....                  k - +0 pair of boots
Stlth    ++........             e - amulet of guardian spirit
HPRegen  0.11/turn              (no ring)
MPRegen  0.09/turn              (no ring)

@: no status effects
A: claws 1, nightstalker 1
a: no special abilities


You were in a sewer.
You were not hungry.

You visited 1 branch of the dungeon, and saw 3 of its levels.
You also visited: Sewer.

You collected 137 gold pieces.

Inventory:

Hand Weapons
 a - a +0 quarterstaff
Missiles
 d - a throwing net (quivered)
Armour
 b - a +0 leather armour (worn)
 c - a +0 helmet (worn)
 g - a +0 ring mail
 h - a +1 scale mail
 j - a +0 cloak (worn)
 k - a +0 pair of boots (worn)
Jewellery
 e - an amulet of guardian spirit (around neck)
Scrolls
 l - a scroll of remove curse
 m - a scroll of identify
 n - a scroll of blinking
 o - a scroll of teleportation
Potions
 i - 2 potions of degeneration
Comestibles
 f - 7 rations


   Skills:
 - Level 2.0 Fighting
 - Level 3.2 Staves
 - Level 1.7 Throwing
 - Level 2.6 Dodging
 + Level 2.8 Unarmed Combat


You had 3 spell levels left.
You didn't know any spells.
Your spell library was empty.

Dungeon Overview and Level Annotations

Branches:
Dungeon (3/15)              Sewer (1/1)

Altars:
Ashenzari
Trog

Annotations:
Sewer Purgy


Innate Abilities, Weirdness & Mutations

You have sharp fingernails.
You are slightly more attuned to the shadows.


Message History

* * * LOW HITPOINT WARNING * * *
You closely miss Purgy.
Purgy is lightly wounded.
Purgy closely misses you. Purgy claws you.
* * * LOW HITPOINT WARNING * * *
Purgy claws you but does no damage.
You scratch Purgy.
Purgy is moderately wounded.
Purgy bites you.
* * * LOW HITPOINT WARNING * * *
Purgy barely misses you. Purgy claws you but does no damage.
You closely miss Purgy.
Purgy is moderately wounded.
Purgy closely misses you. Purgy claws you but does no damage. Purgy misses you.
You scratch Purgy.
Purgy is moderately wounded.
Purgy bites you.
* * * LOW HITPOINT WARNING * * *
Purgy claws you.
You die...

####.≈≈≈.####
#..'.≈≈≈.'..#
####.≈≈≈.####
####.≈≈≈.####
#..'..∩....∩#
####.≈≈≈.####
####.≈≈≈.####
#..'.≈≈≈('..#
####.≈≈≈@####
####.≈≈≈T####
#?('.≈≈≈.'..#
####.≈≈≈.####
####.≈≈≈.####
#..'.≈≈≈.'.(#
#############
#≈≈≈# #≈≈≈#


You could see Purgy.

Vanquished Creatures
  An adder (D:2)
  2 river rats (D:3)
  2 worms (D:2)
  A leopard gecko (D:1)
  2 giant cockroaches (D:1)
  2 goblins
  3 hobgoblins (D:1)
  9 kobolds
  A ball python (D:3)
  7 bats
  2 frilled lizards
  4 rats
36 creatures vanquished.

Notes
Turn   | Place    | Note
-------+----------+-------------------------------------------
     0 | D:1      | Curus the Demonspawn Gladiator began the quest for the Orb.
     0 | D:1      | Reached XP level 1. HP: 16/16 MP: 1/1
   170 | D:1      | Reached skill level 3 in Staves
   234 | D:1      | Gained mutation: You have sharp fingernails. [demonic
                  | ancestry]
   234 | D:1      | Reached XP level 2. HP: 22/22 MP: 2/2
   581 | D:1      | Reached skill level 1 in Unarmed Combat
  1083 | D:2      | Found a bloodstained altar of Trog.
  1179 | D:2      | Gained mutation: You are slightly more attuned to the
                  | shadows. [demonic ancestry]
  1179 | D:2      | Reached XP level 3. HP: 26/27 MP: 3/3
  1398 | D:2      | Found a shattered altar of Ashenzari.
  2094 | D:3      | Found a glowing drain.
  2212 | Sewer    | Entered a sewer
  2441 | Sewer    | Reached XP level 4. HP: 32/33 MP: 4/4
  2512 | Sewer    | Noticed Purgy
  2533 | Sewer    | Slain by Purgy

Illustrated notes

Levels and vault maps discovered:
D:1:      erik_arrival_blinker_ship, layout_loops_ring, roderic_serpentine_path,
          chequers_avenue, chequers_serial_rivers_micro_c,
          chequers_serial_rivers_large_a
D:2:      layout_loops_corners, nicolae_overflow_hidden_temple, serial_forest,
          infiniplex_forest_lined_room_2, infiniplex_forest_join,
          infiniplex_forest_zigzag_1, infiniplex_forest_zigzag_2,
          infiniplex_forest_corner_1, infiniplex_forest_straight_4,
          infiniplex_forest_clump_tiny, infiniplex_forest_clump_long,
          evilmike_ruin_ashenzari
D:3:      layout_basic, nemelex_altar_shiori, overflow_temple_1_default,
          old_standard_altar, portal_sewer_entry_b, uniq_terence
Sewer:    kennysheep_door_sewer

Skill      XL: |  1  2  3 |
---------------+----------+-----
Staves         | 3 |  3.2
Unarmed Combat | 1 2 |  2.8
Fighting       | |  2.0
Throwing       | |  1.7
Dodging        | |  2.6

Action                   |  1- 3 |  4- 6 || total
-------------------------+-------+-------++-------
Melee: Quarterstaff      |   112 |       ||   112
       Unarmed           |    16 |    23 ||    39
Throw: Throwing net      |     1 |     1 ||     2
  Use: Scroll            |     7 |       ||     7
       Potion            |     5 |       ||     5
 Stab: Sleeping          |     2 |     1 ||     3
       Held in net/web   |     1 |       ||     1
  Eat: Chunk             |     5 |       ||     5
Armor: Leather armour    |    19 |     7 ||    26
       Scale mail        |     8 |       ||     8
Dodge: Dodged            |    75 |    29 ||   104
